 Dungeon Crawl Stone Soup version 0.29-a0-775-g4d7333d4e2 (webtiles) character file.

Game seed: 9659320666907039661

30 tilp the Grave Robber (level 3, 0/26 HPs)
             Began as a Mummy Necromancer on July 1, 2022.
             Slain by a jackal (1 damage)
             ... on level 1 of the Dungeon.
             The game lasted 00:01:42 (718 turns).

tilp the Grave Robber (Mummy Necromancer)            Turns: 718, Time: 00:01:43

Health: 0/26       AC:  2    Str: 11    XL:     3   Next: 5%
Magic:  0/7        EV: 12    Int: 16    God:
Gold:   46         SH:  0    Dex: 12    Spells: 7/8 levels left

rFire   x . .      SeeInvis .   a - +0 flail
rCold   + . .      Faith    .   (no shield)
rNeg    + + +      Spirit   .   h - +0 robe
rPois   ∞          Reflect  .   (no helmet)
rElec   .          Harm     .   (no cloak)
rCorr   .          Rampage  .   (no gloves)
Will    .....                   (no boots)
Stlth   ++........              (no amulet)
HPRegen 0.08/turn               (no ring)
MPRegen 0.10/turn               (no ring)

@: no status effects
A: cold resistance 1, negative energy resistance 3, torment resistance 2, heat
vulnerability 1, in touch with death 1, no potions
a: no special abilities


You were on level 1 of the Dungeon.
You visited 1 branch of the dungeon, and saw 1 of its levels.

You collected 46 gold pieces.

Inventory:

Hand Weapons
 a - a +0 flail (weapon)
Missiles
 d - 16 stones (quivered)
Armour
 h - a +0 robe (worn)
Scrolls
 b - 2 scrolls of brand weapon {unknown}
 c - a scroll of vulnerability {unknown}
 e - a scroll of amnesia {unknown}
 f - a scroll of identify {unknown}


   Skills:
 * Level 1.1 Fighting
 + Level 1.7 Dodging
 + Level 1.8 Stealth
 - Level 3.0 Spellcasting
 * Level 4.4 Necromancy


You had 7 spell levels left.
You knew the following spells:

 Your Spells              Type           Power      Damage    Failure   Level
a - Necrotize             Necr           96%        1d8       3%          1

Your spell library contained the following spells:

 Spells                   Type           Power      Damage    Failure   Level
 Vampiric Draining        Necr           24%        2d7       9%          3
 Animate Dead             Necr           24%        N/A       30%         4
 Agony                    Necr           24%        N/A       63%         5


Dungeon Overview and Level Annotations

Branches:
Dungeon (1/15)

Altars:

Shops:
D:1 !


Innate Abilities, Weirdness & Mutations

You are immune to poison.
Your flesh is cold resistant. (rC+)
You are immune to negative energy. (rN+++)
You are immune to unholy pain and torment.
You are vulnerable to heat. (rF-)
You are in touch with the powers of death.
You do not drink.


Message History

Your jackal skeleton closely misses the jackal.
The jackal closely misses you. The jackal barely misses you.
Unknown command.
You closely miss the jackal.
The jackal is almost dead.
The jackal barely misses you.
Your jackal skeleton closely misses the jackal.
The jackal bites you but does no damage.
The jackal bites you. The jackal barely misses you.
Your jackal skeleton closely misses the jackal.
The jackal bites you.
* * * LOW HITPOINT WARNING * * *
The jackal barely misses you.
Casting: Necrotize (safe; 3% risk of failure)
Confirm with . or Enter, or press ? or * to list all spells.
Aiming: Necrotize (safe; 3% risk of failure)
Press: ? - help, Shift-Dir - straight line, f/p - jackal
Aim: a jackal (almost dead, chance to affect: 92%)
You feel a surge of power!
The jackal writhes in agony.
You kill the jackal!
The dead are walking!
The jackal closely misses you. The jackal bites you.
* * * LOW HITPOINT WARNING * * *
Your jackal skeleton barely misses the jackal.
The jackal bites you.
* * * LOW HITPOINT WARNING * * *
Unknown command.
Your jackal skeleton barely misses the jackal.
The jackal bites your jackal skeleton. The jackal closely misses you.
Your jackal skeleton barely misses the jackal.
The jackal bites your jackal skeleton.
Your jackal skeleton is destroyed!
Something bites your jackal skeleton. The jackal bites you.
* * * LOW HITPOINT WARNING * * *
You completely miss the jackal. Something bites your jackal skeleton.
Your jackal skeleton misses the jackal.
The jackal bites you.
* * * LOW HITPOINT WARNING * * *
Your jackal skeleton barely misses the jackal.
Something barely misses your jackal skeleton.
The jackal bites you.
You die...

##### ######## #...##
#......###
##....#####........###
#...#...#...#.#......#
##.....#...#.@h..#...$.
#...#....#....#Z...#
##......#...#....l#...#
#...#.#!......#.#........
#........#.#.....l.#.#.##
#..#...#.....#..?#.....
#....#....#....#....#.##
#..#...#.....#...#... ..
#........#.#.......#.# #


You could see a jackal (ally target), a frilled lizard and a friendly jackal
skeleton.

Vanquished Creatures
  A gnoll (D:1)
  2 endoplasms (D:1)
  A hobgoblin (D:1)
  2 jackals (D:1)
  A quokka (D:1)
  2 ball pythons (D:1)
  4 bats (D:1)
  A frilled lizard (D:1)
  5 rats (D:1)
19 creatures vanquished.

Vanquished Creatures (collateral kills)
  A goblin (D:1)
1 creature vanquished.

Grand Total: 20 creatures vanquished

Notes
Turn   | Place    | Note
-------+----------+-------------------------------------------
     0 | D:1      | tilp the Mummy Necromancer began the quest for the Orb.
     0 | D:1      | Reached XP level 1. HP: 13/13 MP: 4/4
   247 | D:1      | Found Myus's Distillery.
   316 | D:1      | Reached XP level 2. HP: 20/20 MP: 0/5
   460 | D:1      | Reached skill level 1 in Fighting
   709 | D:1      | Gained mutation: You are in touch with the powers of death.
                  | [Mummy growth]
   709 | D:1      | Reached XP level 3. HP: 24/26 MP: 2/7
   718 | D:1      | HP: 1/26 [jackal (3)]
   718 | D:1      | Slain by a jackal

Illustrated notes

Levels and vault maps discovered:
D:1:      lightli_arrival_noodles, layout_loops_ring, serial_shops,
          nicolae_shop_hallway_plus, nicolae_kite_square_tiling_tiny,
          minivault_19

Skill      XL: |  1  2 |
---------------+-------+-----
Fighting       | 1 |  1.1
Spellcasting   | 3 |  3.0
Dodging        | |  1.7
Stealth        | |  1.8
Necromancy     | |  4.4

Action                   || total
-------------------------++-------
Melee: Flail             ||     6
 Cast: Necrotize         ||    37
Armor: Robe              ||     2
Dodge: Dodged            ||    22

Table legend: (Time is in decaauts)
 A = Elapsed time spent in this place.
 B = Non-inter-level travel time spent in this place.
 C = Inter-level travel time spent in this place.
 D = Time resting spent in this place.
 E = Time spent auto-exploring this place.
 F = Levels seen in this place.
 G = Mean time per level.
                   A        B        C        D        E       F      G
               +--------+--------+--------+--------+--------+-----+--------+
         Total |    719 |    719 |      0 |      0 |    610 |   1 |  719.0 |
       Dungeon |    719 |    719 |      0 |      0 |    610 |   1 |  719.0 |
               +--------+--------+--------+--------+--------+-----+--------+

Top non-repeatable levels by time:
     D:1: 719 daAuts
